 Dungeon Crawl Stone Soup version 0.24.0-123-gd5b16e6ec5 (webtiles) character file.

Game seed: 16752888882059567719, levelgen mode: deterministic

4 Descartes the Grasshopper (level 1, -1/9 HPs)
             Began as a Felid Warper on Feb 5, 2020.
             Slain by a hobgoblin
             ... wielding a +0 club
              (2 damage)
             ... on level 1 of the Dungeon.
             The game lasted 00:01:38 (326 turns).

Descartes the Grasshopper (Felid Warper)             Turns: 326, Time: 00:01:39

Health: -1/9       AC:  1    Str:  7    XL:     1   Next: 58%
Magic:  4/4        EV: 18    Int: 14    God:
Gold:   24         SH:  0    Dex: 15    Spells: 4/4 levels left
                                        Lives:  0   Deaths: 0

rFire    . . .     SeeInvis +     - Unarmed
rCold    . . .     Gourm    .   (shield unavailable)
rNeg     . . .     Faith    .   (armour unavailable)
rPois    .         Spirit   .   (helmet unavailable)
rElec    .         Reflect  .   (cloak unavailable)
rCorr    .         Harm     .   (gloves unavailable)
MR       .....                  (boots unavailable)
Stlth    ++........             (no amulet)
HPRegen  0.03/turn              (no ring)
MPRegen  0.09/turn              (no ring)

@: quick
A: very small, no armour, no weapons or thrown items, stealth, claws 1, fangs 3,
see invisible, carnivore, speed 1, shaggy fur 1, slow metabolism 1, sharp paws
a: no special abilities


You were on level 1 of the Dungeon.
You were full.

You visited 1 branch of the dungeon, and saw 1 of its levels.

You collected 24 gold pieces.

Inventory:

Missiles
 a - 31 arrows
 e - 18 stones
Scrolls
 b - 2 scrolls of blinking
 f - a scroll of teleportation {unknown}
Potions
 d - a potion of invisibility {unknown}
Comestibles
 c - a ration


   Skills:
 - Level 2.0 Fighting
 - Level 3.2 Dodging
 + Level 1.9 Stealth
 - Level 2.0 Unarmed Combat
 - Level 2.0 Spellcasting
   Level 4.4 Translocations


You had 4 spell levels left.
You didn't know any spells.
Your spell library contained the following spells:

 Spells                   Type           Power        Failure   Level  Hunger
 Blink                    Tloc           N/A          6%          2    ###....
 Gell's Gravitas          Tloc           ##........   12%         3    ####...
 Lesser Beckoning         Tloc           ##........   12%         3    ####...
 Teleport Other           Tloc           ##......     12%         3    ####...
 Shroud of Golubria       Chrm/Tloc      #.....       14%         2    ###....
 Passage of Golubria      Tloc           N/A          36%         4    #####..


Dungeon Overview and Level Annotations

Branches:
Dungeon (1/15)

Altars:


Innate Abilities, Weirdness & Mutations

You cannot wear armour.
You are incapable of wielding weapons or throwing items.
Your paws allow you to move quietly. (Stealth)
You have sharp claws.
You have razor-sharp teeth.
You have supernaturally acute eyesight. (SInv)
You are carnivorous and can eat meat at any time.
You cover ground quickly.
You are covered in fur. (AC +1)
You have a slow metabolism.
Your sharp claws are effective at attacking unaware monsters.


Message History

You start resting.
The ooze is too close now for your liking.
You start resting.
The ooze is too close now for your liking.
The ooze quivers.
The hobgoblin shouts!
There is a stone staircase leading down here.
You enter the shallow water.
Moving in this stuff is going to be slow.
You see here a +0 club.
You don't know any spells.
You start resting.
The ooze is too close now for your liking.
The ooze hits you.
* * * LOW HITPOINT WARNING * * *
You scratch the ooze.
The ooze is lightly wounded.
The ooze hits you but does no damage. The hobgoblin hits you with a +0 club.
You die...

.....#....#..#............
.......###....#......... #
.....#......#....#.###.#
###..#.##...###.......$.
###............#......#.#
###..........J....)#....#
#.....#.#######..#.#....#
..≈..8#.# #.>#.....##
.≈...#### ##@g.....#
≈.....##########.##......
≈≈≈........J.........#.##
≈≈≈≈≈...############..[..
≈≈≈.....# ###... ≈.....#.#
# .≈...##J# ..≈..8#.#
#.....#.#


You could see a hobgoblin.

Vanquished Creatures
  2 bats (D:1)
  A goblin (D:1)
  A rat (D:1)
4 creatures vanquished.

Notes
Turn   | Place    | Note
-------+----------+-------------------------------------------
     0 | D:1      | Descartes the Felid Warper began the quest for the Orb.
     0 | D:1      | Reached XP level 1. HP: 9/9 MP: 4/4
    25 | D:1      | Reached skill level 1 in Stealth
   326 | D:1      | Slain by a hobgoblin

Levels and vault maps discovered:
D:1:      eino_arrival_water_star, layout_basic

Skill      XL: |  1 |
---------------+----+-----
Stealth        | 1 |  1.9
Fighting       | |  2.0
Dodging        | |  3.2
Unarmed Combat | |  2.0
Spellcasting   | |  2.0
Translocations | |  4.4

Action                   || total
-------------------------++-------
Melee: Unarmed           ||    21
  Eat: Chunk             ||     2
Armor: Skin              ||     2
Dodge: Dodged            ||    16
